 Dungeon Crawl Stone Soup version 0.26-a0-651-gb41185065b (webtiles) character file.

Game seed: 5084974170889322865

4522 Mesmaeker13 the Summoner (level 10, -12/49 (50) HPs)
             Began as a Tengu Summoner on Oct 4, 2020.
             Was a Believer of Nemelex Xobeh.
             Mangled by a cyan ugly thing (15 damage)
             ... on level 12 of the Dungeon.
             The game lasted 00:30:05 (14298 turns).

Mesmaeker13 the Summoner (Tengu Summoner)          Turns: 14298, Time: 00:30:06

HP:   -12/49 (50)   AC:  4    Str: 15    XL:     10   Next: 39%
MP:   11/19         EV: 20    Int: 18    God:    Nemelex Xobeh [**....]
Gold: 461           SH:  0    Dex: 15    Spells: 9/19 levels left

rFire    . . .     SeeInvis +   d - +1 spear (venom)
rCold    . . .     Faith    .   (no shield)
rNeg     . . .     Spirit   .   M - +0 troll leather armour
rPois    .         Reflect  .   (helmet restricted)
rElec    .         Harm     .   (no cloak)
rCorr    .         Rampage  .   (no gloves)
MR       .....                  (boots unavailable)
Stlth    ++........             p - amulet of regeneration
HPRegen  0.96/turn              f - +6 ring of strength
MPRegen  0.16/turn              i - ring of see invisible

@: about to teleport, flying quickly and evasively, quick
A: beak, talons 3, able to fly
a: Stop Flying, Draw Escape, Draw Destruction, Draw Summoning, Renounce Religion


You were on level 12 of the Dungeon.
You worshipped Nemelex Xobeh.
Nemelex Xobeh was pleased with you.
You visited 2 branches of the dungeon, and saw 12 of its levels.
You also visited: Ossuary.

You collected 461 gold pieces.

Inventory:

Hand Weapons
 d - a +1 spear of venom (weapon)
 j - a +2 trident of protection
Missiles
 q - 2 poisoned darts (quivered)
Armour
 t - a +0 kite shield
 A - a cursed +0 buckler
 M - a +0 troll leather armour (worn)
Jewellery
 f - a +6 ring of strength (left hand)
 g - an uncursed ring of protection from fire
 i - a ring of see invisible (right hand)
 m - an uncursed ring of positive energy
 p - an amulet of regeneration (around neck)
 u - an uncursed ring of ice
Wands
 c - a wand of enslavement (3)
 J - a wand of iceblast (14)
 L - a wand of acid (6)
Scrolls
 e - 9 scrolls of remove curse
 h - 2 scrolls of enchant weapon
 k - 4 scrolls of teleportation
 l - 2 scrolls of blinking
 o - a scroll of enchant armour
 r - a scroll of noise {unknown}
 s - 2 scrolls of amnesia {unknown}
 v - 2 scrolls of immolation {unknown}
 y - a scroll of magic mapping {unknown}
 G - a scroll of silence {unknown}
 H - a scroll of vulnerability {unknown}
 K - 2 scrolls of holy word {unknown}
Potions
 b - a potion of resistance {unknown}
 n - 6 potions of curing
 w - 3 potions of ambrosia
 x - 6 potions of invisibility
 z - a potion of haste {unknown}
 B - 2 potions of cancellation {unknown}
 C - 2 potions of brilliance {unknown}
 D - 4 potions of heal wounds {unknown}
 F - a potion of degeneration {unknown}
 I - a potion of stabbing {unknown}
Miscellaneous
 E - a phantom mirror


   Skills:
 - Level 3.8 Polearms
 - Level 8.2 Dodging
 - Level 2.0 Stealth
 + Level 2.2 Shields
 - Level 5.3 Spellcasting
 + Level 11.2 Summonings
 + Level 5.9 Ice Magic


You had 9 spell levels left.
You knew the following spells:

 Your Spells              Type           Power        Failure   Level
a - Summon Small Mammal   Summ           ####         1%          1
b - Call Imp              Summ           #####...     1%          2
c - Call Canine Familiar  Summ           #####...     1%          3
d - Summon Ice Beast      Ice/Summ       #####...     4%          4

Your spell library contained the following spells:

 Spells                   Type           Power        Failure   Level
 Summon Guardian Golem    Hex/Summ       ####....     4%          3
 Beastly Appendage        Tmut           #.....       16%         1
 Summon Lightning Spire   Summ/Air       ####....     16%         4
 Poisonous Vapours        Pois/Air       #.....       24%         2
 Wereblood                Tmut           #.......     24%         2
 Conjure Flame            Conj/Fire      #.......     43%         3
 Mephitic Cloud           Conj/Pois/Air  #.......     43%         3
 Spider Form              Tmut/Pois      #.........   43%         3
 Ice Form                 Ice/Tmut       ###.....     43%         4
 Blade Hands              Tmut           #.........   99%         5
 Freezing Cloud           Conj/Ice/Air   ##........   100%        6


Dungeon Overview and Level Annotations

Branches:
Dungeon (10/15)            Temple (1/1) D:4             Orc (0/2) D:12
Ossuary (visited)
   Lair: D:8-11

Altars:
Kikubaaqudgha
Makhleb
Nemelex Xobeh
Okawaru
Qazlal
Ru
Trog
Uskayaw
Wu Jian
Yredelemnul

Annotations:
D:12 Gastronok, Rupert


Innate Abilities, Weirdness & Mutations

You have a beak for a mouth.
You have claws for feet.
You can fly continuously.


Message History

Your ice beast hits the cyan ugly thing.
Your ice beast freezes the cyan ugly thing!
Your ice beast completely misses the cyan ugly thing.
A slime creature comes into view.
A quasit comes into view.
The quasit gives a chilling moan.
A slime creature comes into view.
The green ugly thing pecks you!
An ice beast comes into view.
The green ugly thing basks in the mutagenic energy from its kin and changes!
The cyan ugly thing stings you! The cyan ugly thing shocks you!
As you read the scroll of teleportation, it crumbles to dust.
You feel strangely unstable.
Your ice beast hits the cyan ugly thing.
Your ice beast freezes the cyan ugly thing!
The cyan ugly thing stings you!
* * * LOW HITPOINT WARNING * * *
The cyan ugly thing shocks you!
You die...
Your body disappears without a glow.

#......####
#..(##...
#.........#
.......## ...
#.........#
.......+ ..
#.........#
........#
#.........#
........#
#.........#.Y....
#..?......#......
#......Y.........
##.......u@.......
#......u..........
#.........5....###
#.........J.......
#.............#...
#.......J.....#...
#..............# .
#..............#
#..............#


You could see 2 ugly things, 2 slime creatures, an ice beast, a quasit and a
friendly ice beast (summoned).

Vanquished Creatures
  Duvessa (D:7)
  2 sky beasts
  An eye of draining (D:9)
  3 phantoms
  A necrophage (D:8)
  An ogre (D:8)
  A centaur (D:9)
  A big kobold (D:5)
  3 bullfrogs
  A gnoll sergeant (D:8)
  2 water moccasin zombies (Ossuary)
  A centaur zombie (D:8)
  A bullfrog zombie (D:8)
  A hound (D:7)
  Jessica (D:2)
  An orc wizard (D:9)
  6 worker ants
  3 big kobold zombies (Ossuary)
  A hound skeleton (D:4)
  A mummy (Ossuary)
  3 adders
  7 gnolls
  A shadow imp (D:9)
  A white imp (D:7)
  2 oozes
  2 adder zombies (Ossuary)
  An adder skeleton (D:7)
  A worm (D:2)
  3 dart slugs
  A leopard gecko (D:2)
  6 orcs
  A ball python (D:3)
  4 bats
  4 giant cockroaches
  5 gnoll zombies (Ossuary)
  4 goblins
  5 hobgoblins
  7 jackals
  3 quokkas
  5 frilled lizards
  A giant cockroach zombie (D:6)
  A hobgoblin zombie (Ossuary)
  A jackal skeleton (D:4)
  4 kobolds
  5 kobold zombies (Ossuary)
  5 orc zombies (Ossuary)
  7 rats
123 creatures vanquished.

Vanquished Creatures (collateral kills)
  A two-headed ogre (D:10)
  3 slime creatures (D:9)
  Psyche (D:10)
  A troll (D:10)
  3 yaks (D:9)
  A wyvern (D:8)
  4 black bears
  3 sky beasts
  2 orc warriors
  2 ice beasts
  A necrophage (D:8)
  3 ogres
  A centaur (D:10)
  3 bullfrogs
  A scorpion (D:9)
  Dowan (D:7)
  4 howler monkeys
  2 centaur zombies
  2 hounds
  A bullfrog zombie (D:5)
  A bullfrog skeleton (D:4)
  An orc priest (D:6)
  2 jellies
  2 iguanas
  2 orc wizards
  2 worker ants
  A mummy (Ossuary)
  A worker ant zombie (D:10)
  10 gnolls
  A river rat (D:4)
  13 adders
  A shadow imp (D:7)
  2 white imps
  2 adder zombies
  3 worms
  3 leopard geckos
  10 orcs
  2 ball pythons (D:4)
  A gnoll zombie (Ossuary)
  3 hobgoblins
  5 jackals
  4 kobolds
  A quokka (D:3)
  A bat (D:1)
  A frilled lizard (D:1)
  4 goblins
  A hobgoblin zombie (Ossuary)
  A leopard gecko skeleton (D:4)
  2 leopard gecko zombies
  An orc zombie (Ossuary)
  6 rats
130 creatures vanquished.

Vanquished Creatures (others)
  An orc wizard (D:8)
  A gnoll (D:8)
  9 plants (D:5)
11 creatures vanquished.

Grand Total: 264 creatures vanquished

Notes
Turn   | Place    | Note
-------+----------+-------------------------------------------
     0 | D:1      | Mesmaeker13 the Tengu Summoner began the quest for the Orb.
     0 | D:1      | Reached XP level 1. HP: 10/10 MP: 4/4
   180 | D:1      | Reached skill level 5 in Summonings
   343 | D:1      | Reached XP level 2. HP: 15/15 MP: 6/6
   676 | D:1      | Learned a level 2 spell: Call Imp
   715 | D:1      | Reached XP level 3. HP: 19/19 MP: 1/7
  1857 | D:1      | Reached XP level 4. HP: 24/24 MP: 4/9
  2367 | D:2      | Noticed Jessica
  2388 | D:2      | Killed Jessica
  2497 | D:2      | Noticed a phantom
  2571 | D:3      | Learned a level 3 spell: Call Canine Familiar
  2720 | D:3      | Gained mutation: You can fly continuously. [Tengu growth]
  2720 | D:3      | Reached XP level 5. HP: 28/28 MP: 7/10
  2840 | D:3      | Noticed a black bear
  2863 | D:3      | Killed a black bear
  2863 | D:3      | Reached skill level 6 in Summonings
  3139 | D:3      | Found a faded altar of an unknown god.
  3810 | D:2      | Reached XP level 6. HP: 25/32 MP: 12/12
  4003 | D:2      | Killed a phantom
  4246 | D:4      | Found a staircase to the Ecumenical Temple.
  4293 | D:4      | Found a sand-covered staircase.
  4298 | Ossuary  | Entered an ossuary
  4768 | Ossuary  | Reached XP level 7. HP: 33/36 MP: 7/14
  4858 | Ossuary  | Reached skill level 7 in Summonings
  5064 | D:4      | Reached skill level 5 in Dodging
  6014 | Temple   | Entered the Ecumenical Temple
  6034 | Temple   | Became a worshipper of Nemelex Xobeh the Trickster
  6078 | D:5      | Entered Level 5 of the Dungeon
  7313 | D:6      | Learned a level 4 spell: Summon Ice Beast
  7406 | D:6      | Reached XP level 8. HP: 25/41 MP: 11/16
  7720 | D:6      | Reached * piety under Nemelex Xobeh
  7872 | D:6      | Reached skill level 5 in Spellcasting
  8227 | D:6      | Reached skill level 8 in Summonings
  8357 | D:6      | Received a gift from Nemelex Xobeh
  8912 | D:7      | Reached skill level 1 in Ice Magic
  9998 | D:7      | Reached skill level 9 in Summonings
 10165 | D:7      | Reached XP level 9. HP: 45/45 MP: 12/18
 10215 | D:7      | Noticed Dowan
 10324 | D:7      | Killed Dowan
 10326 | D:7      | Noticed Duvessa
 10344 | D:7      | Killed Duvessa
 10676 | D:8      | Found a basalt altar of Yredelemnul.
 11713 | D:8      | Received a gift from Nemelex Xobeh
 11901 | D:8      | Reached ** piety under Nemelex Xobeh
 12061 | D:8      | Reached skill level 10 in Summonings
 12325 | D:9      | Reached skill level 1 in Polearms
 12646 | D:9      | Killed a large slime creature
 12820 | D:9      | Reached skill level 5 in Ice Magic
 12834 | D:9      | Reached XP level 10. HP: 49/49 MP: 16/19
 13350 | D:9      | Found an ancient bone altar of Kikubaaqudgha.
 13669 | D:10     | Entered Level 10 of the Dungeon
 13930 | D:10     | Noticed Psyche
 13940 | D:10     | Killed Psyche
 13940 | D:10     | Reached skill level 1 in Shields
 13940 | D:10     | Reached skill level 11 in Summonings
 13992 | D:10     | Noticed a two-headed ogre
 14011 | D:10     | Killed a two-headed ogre
 14170 | D:10     | You fall into a shaft and drop 2 floors!
 14190 | D:12     | Found a staircase to the Orcish Mines.
 14247 | D:12     | Noticed Gastronok
 14250 | D:12     | Noticed Rupert
 14256 | D:12     | Received a gift from Nemelex Xobeh
 14256 | D:12     | Noticed a cyan ugly thing
 14256 | D:12     | Noticed a green ugly thing
 14298 | D:12     | Mangled by a cyan ugly thing

Illustrated notes

Levels and vault maps discovered:
D:1:      elethiomel_arrival_infinity_welcomes_careful_drivers, layout_basic,
          minmay_split_cup_small
D:2:      layout_rooms, uniq_jessica
D:3:      layout_loops_ring, chequers_ecumenical_altar_island
D:4:      layout_loops_ring, minmay_temple_entry_statues_fountains,
          cheibrodos_sewer_entry_sluice, enter_ossuary_2
D:5:      layout_basic, lexackson_kobold_supper
D:6:      layout_loops_corners
D:7:      minmay_chambers_of_sixes, layout_loops_ring,
          chequers_serial_rivers_small_a, uniq_duvessa
D:8:      layout_basic, lemuel_crystal_altar, minivault_1
D:9:      layout_small_grid, basic_altar
D:10:     layout_stronghold, uniq_psyche, uniq_erica
D:12:     layout_basic, minmay_orc_entry_temple_small,
          nicolae_dithmenos_shadow_blocks, uniq_jorgrun, uniq_gastronok,
          uniq_rupert
Temple:   regret_index_temple_sigil_plot

Skill      XL: |  1  2  3  4  5  6  7  8  9 10 |
---------------+-------------------------------+-----
Summonings     | 5 6 7 9 10 11 | 11.2
Dodging        | 3 4 5 7 8 |  8.2
Spellcasting   | 3 4 5 |  5.3
Ice Magic      | 2 5 |  5.9
Polearms       | 3 |  3.8
Shields        | 2 |  2.2
Stealth        | |  2.0

Action                   |  1- 3 |  4- 6 |  7- 9 | 10-12 || total
-------------------------+-------+-------+-------+-------++-------
Melee: Whip              |     6 |       |       |       ||     6
       Unarmed           |     5 |       |       |       ||     5
       Kick              |     9 |    24 |    63 |    10 ||   106
       Spear             |    53 |   165 |   335 |    43 ||   596
       Peck              |     4 |    20 |    33 |     5 ||    62
 Cast: Summon Small Mamm |    18 |       |       |       ||    18
       Call Imp          |    22 |    31 |    60 |       ||   113
       Call Canine Famil |       |     7 |    68 |     6 ||    81
       Summon Ice Beast  |       |       |     4 |    19 ||    23
Invok: Draw Escape       |       |       |     1 |       ||     1
       Draw Summoning    |       |       |     1 |       ||     1
 Abil: Fly               |       |       |       |     1 ||     1
Evoke: Wand              |       |       |    23 |       ||    23
  Use: Scroll            |       |     4 |     8 |     3 ||    15
 Stab: Distracted        |     2 |     3 |    10 |       ||    15
       Sleeping          |     2 |     6 |     6 |     1 ||    15
       Paralysed         |       |       |     5 |       ||     5
Armor: Robe              |    15 |    10 |    25 |     1 ||    51
       Troll leather arm |       |       |       |     4 ||     4
Dodge: Dodged            |    42 |    72 |   154 |    23 ||   291

Table legend: (Time is in decaauts)
 A = Elapsed time spent in this place.
 B = Non-inter-level travel time spent in this place.
 C = Inter-level travel time spent in this place.
 D = Time resting spent in this place.
 E = Time spent auto-exploring this place.
 F = Levels seen in this place.
 G = Mean time per level.
                   A        B        C        D        E       F      G
               +--------+--------+--------+--------+--------+-----+--------+
         Total |  14352 |  14052 |    300 |   4124 |   6793 |  13 | 1104.0 |
       Dungeon |  13545 |  13264 |    281 |   3582 |   6782 |  11 | 1231.4 |
        Temple |     40 |     21 |     19 |      0 |     11 |   1 |   40.0 |
       Ossuary |    767 |    767 |      0 |    542 |      0 |   1 |  767.0 |
               +--------+--------+--------+--------+--------+-----+--------+

Top non-repeatable levels by time:
     D:7: 2023 daAuts
     D:1: 1870 daAuts
     D:6: 1811 daAuts
     D:9: 1424 daAuts
     D:8: 1373 daAuts
     D:2: 1341 daAuts
     D:4: 1056 daAuts
     D:3: 1036 daAuts
     D:5: 983 daAuts
 Ossuary: 767 daAuts
    D:10: 497 daAuts
    D:12: 125 daAuts
  Temple: 40 daAuts
